 Dungeon Crawl Stone Soup version 0.25-a0-1071-g2607d5cfa1 (webtiles) character file.

Game seed: 591904460535556612, levelgen mode: deterministic

30 Gumption the Grave Robber (level 3, -2/24 HPs)
             Began as a Demonspawn Necromancer on May 14, 2020.
             Slain by a worm (4 damage)
             ... on level 2 of the Dungeon.
             The game lasted 00:11:35 (1759 turns).

Gumption the Grave Robber (Demonspawn Necromancer)  Turns: 1759, Time: 00:11:36

Health: -2/24      AC:  8    Str:  8    XL:     3   Next: 3%
Magic:  1/6        EV: 12    Int: 17    God:
Gold:   61         SH:  0    Dex: 13    Spells: 1/6 levels left

rFire    . . .     SeeInvis .   a - +0 dagger
rCold    . . .     Gourm    .   (no shield)
rNeg     . . .     Faith    .   c - +0 robe
rPois    .         Spirit   .   (no helmet)
rElec    .         Reflect  .   (no cloak)
rCorr    .         Harm     .   (no gloves)
MR       .....                  (no boots)
Stlth    ++........             (no amulet)
HPRegen  0.08/turn              (no ring)
MPRegen  0.10/turn              (no ring)

@: sanguine armour
A: hooves 1, sanguine armour 1
a: no special abilities


You were on level 2 of the Dungeon.
You were very hungry.

You visited 1 branch of the dungeon, and saw 2 of its levels.

You collected 61 gold pieces.

Inventory:

Hand Weapons
 a - a +0 dagger (weapon)
Missiles
 b - 55 stones (quivered)
Armour
 c - a +0 robe (worn)
Jewellery
 d - an uncursed ring of protection from fire {unknown}
Scrolls
 f - a scroll of teleportation {unknown}
 h - a scroll of amnesia
 i - a scroll of immolation {unknown}
 j - a scroll of enchant weapon {unknown}
Potions
 g - a potion of curing {unknown}
Comestibles
 e - 8 rations
 k - a chunk of flesh


   Skills:
 + Level 0.0 Fighting
 + Level 2.2 Dodging
 - Level 2.2 Stealth
 + Level 2.3 Spellcasting
 * Level 4.6 Necromancy


You had one spell level left.
You knew the following spells:

 Your Spells              Type           Power        Failure   Level  Hunger
a - Pain                  Necr           ###.         2%          1    #......
b - Animate Skeleton      Necr           N/A          2%          1    #......
c - Vampiric Draining     Necr           ###.......   9%          3    ###....

Your spell library contained the following spells:

 Spells                   Type           Power        Failure   Level  Hunger
 Animate Dead             Necr           N/A          26%         4    #####..
 Agony                    Necr           ###.....     58%         5    ######.


Dungeon Overview and Level Annotations

Branches:
Dungeon (2/15)

Altars:


Innate Abilities, Weirdness & Mutations

You have large cloven feet.
When seriously injured, your bleeding wounds create armour. (AC +6)


Message History

Okay, then.
The worm misses you.
You hit the worm but do no damage. The worm bites you!
* * * LOW HITPOINT WARNING * * *
Your blood congeals into armour.
You hit the worm but do no damage. The worm bites you but does no damage.
You hit the worm but do no damage. You kick the worm.
The worm is moderately wounded.
The worm bites you!
* * * LOW HITPOINT WARNING * * *
You barely miss the worm.
The worm is lightly wounded.
The worm bites you but does no damage.
You hit the worm.
The worm is moderately wounded.
The worm barely misses you.
You hit the worm. Your kick misses the worm.
The worm is moderately wounded.
The worm bites you.
You die...

#.#.# #.# #.#.#
#w# .# # #.#.#
#.# .# .# #.#.#
##.###.##. #.#.#
#.........
#.#.###.........
#.....w.####.###
###.########.#
#......w@wg#
############


You could see 2 worms and a goblin.

Vanquished Creatures
  2 adders (D:2)
  A bat (D:1)
  3 kobolds (D:1)
  A quokka (D:2)
  A ball python (D:1)
  2 frilled lizards
  2 goblins (D:1)
  3 rats
15 creatures vanquished.

Notes
Turn   | Place    | Note
-------+----------+-------------------------------------------
     0 | D:1      | Gumption the Demonspawn Necromancer began the quest for the
                  | Orb.
     0 | D:1      | Reached XP level 1. HP: 13/13 MP: 3/3
  1005 | D:1      | Gained mutation: You have large cloven feet. [demonic
                  | ancestry]
  1005 | D:1      | Reached XP level 2. HP: 17/19 MP: 1/5
  1008 | D:1      | Learned a level 1 spell: Animate Skeleton
  1590 | D:2      | Gained mutation: When seriously injured, your bleeding
                  | wounds create armour. (AC +6) [demonic ancestry]
  1590 | D:2      | Reached XP level 3. HP: 19/24 MP: 1/6
  1595 | D:2      | Learned a level 3 spell: Vampiric Draining
  1759 | D:2      | Slain by a worm

Illustrated notes

Levels and vault maps discovered:
D:1:      giann_bridges, layout_loops_corners
D:2:      layout_loops_ring, first_ration, kennysheep_nub,
          uniq_crazy_yiuf_cottage

Skill      XL: |  1 |
---------------+----+-----
Dodging        | 2 |  2.2
Stealth        | 2 |  2.2
Spellcasting   | |  2.3
Necromancy     | |  4.6

Action                   || total
-------------------------++-------
Melee: Dagger            ||    24
       Kick              ||     1
 Cast: Pain              ||    37
       Animate Skeleton  ||     4
  Use: Scroll            ||     1
  Eat: Chunk             ||     2
Armor: Robe              ||     7
Dodge: Dodged            ||    34

Table legend:
 A = Non-vault XP
 B = Vault XP
 C = Vault XP percentage of total XP
 D = Non-vault monster count
 E = Vault monster count
 F = Vault count percentage of total count
                 A         B        C        D         E       F
            +---------+---------+-------+---------+---------+-------
      Total |      43 |       0 |   0.0 |      15 |       0 |   0.0
            +---------+---------+-------+---------+---------+-------
        D:1 |      13 |       0 |   0.0 |      10 |       0 |   0.0
        D:2 |      30 |       0 |   0.0 |       5 |       0 |   0.0
            +---------+---------+-------+---------+---------+-------
